 Dungeon Crawl Stone Soup version 0.27.1-3-gb3d3a73c9e (webtiles) character file.

Game seed: 11032984198858412801

91 BuzzyBeetle the Caller (level 4, 0/24 HPs)
             Began as a Tengu Summoner on Oct 16, 2021.
             Succumbed to an adder's poison
             ... on level 2 of the Dungeon.
             The game lasted 00:15:58 (1993 turns).

BuzzyBeetle the Caller (Tengu Summoner)             Turns: 1993, Time: 00:15:59

Health: 0/24       AC:  3    Str:  8      XL:     4   Next: 57%
Magic:  6/9        EV: 12    Int: 15 (16) God:
Gold:   61         SH:  0    Dex: 15      Spells: 3/9 levels left

rFire    . . .     SeeInvis .   d - +0 dagger
rCold    . . .     Faith    .   (no shield)
rNeg     . . .     Spirit   .   a - +0 robe
rPois    .         Reflect  .   (helmet restricted)
rElec    .         Harm     .   (no cloak)
rCorr    .         Rampage  .   h - +0 pair of gloves
Will     .....                  (boots unavailable)
Stlth    ++........             (no amulet)
HPRegen  0.08/turn              (no ring)
MPRegen  0.11/turn              (no ring)

@: lethally poisoned (0 -> -4)
A: beak, talons 3
a: no special abilities


You were on level 2 of the Dungeon.
You visited 1 branch of the dungeon, and saw 2 of its levels.

You collected 61 gold pieces.

Inventory:

Hand Weapons
 d - a +0 dagger (weapon)
 i - a +0 hand axe
Missiles
 b - 4 large rocks
 c - 74 stones
 e - 11 poisoned darts
Armour
 a - a +0 robe (worn)
 h - a +0 pair of gloves (worn)
Potions
 j - a potion of haste {unknown}


   Skills:
 + Level 0.1 Fighting
 + Level 2.5 Dodging
 + Level 2.0 Stealth
 + Level 3.0 Spellcasting
 + Level 6.1 Summonings


You had 3 spell levels left.
You knew the following spells:

 Your Spells              Type           Power      Damage    Failure   Level
a - Summon Small Mammal   Summ           80%        N/A       1%          1
b - Call Imp              Summ           20%        N/A       2%          2
c - Call Canine Familiar  Summ           20%        N/A       4%          3

Your spell library contained the following spells:

 Spells                   Type           Power      Damage    Failure   Level
 Summon Guardian Golem    Hex/Summ       11%        N/A       17%         3
 Summon Lightning Spire   Summ/Air       11%        N/A       50%         4


Dungeon Overview and Level Annotations

Branches:
Dungeon (2/15)

Altars:
Xom


Innate Abilities, Weirdness & Mutations

You have a beak for a mouth.
You have claws for feet.


Message History

Your crimson imp blinks!
Your crimson imp disappears in a puff of smoke!
Your crimson imp hits the worm.
Casting: Call Imp (safe; 2% risk of failure)
Confirm with . or Enter, or press ? or * to list all spells.
A shadowy apparition takes form in the air.
Your crimson imp hits the worm.
Your crimson imp disappears in a puff of smoke!
Your crimson imp blinks!
Your crimson imp hits the worm.
Your crimson imp hits the worm.
Your shadow imp gestures at the worm.
The worm writhes in agony.
Your shadow imp hits the worm.
The worm bites your shadow imp.
Your crimson imp hits the worm.
Your shadow imp barely misses the worm.
Your crimson imp hits the worm.
Your shadow imp hits the worm.
The worm dies!
You feel your strength returning.
Your Spellcasting skill increases to level 3!
Your crimson imp blinks!
The adder bites you.
* * * LOW HITPOINT WARNING * * *
Your crimson imp blinks!
The adder closely misses you.
Your shadow imp hits the adder.
Your crimson imp blinks!
Your shadow imp hits the adder.
Your crimson imp misses the adder.
The adder bites you.
* * * LOW HITPOINT WARNING * * *
You are lethally poisoned!
The adder poisons you!
* * * LOW HITPOINT WARNING * * *
You feel sick.
Your shadow imp disappears in a puff of smoke!
Your crimson imp misses the adder.
* * * LOW HITPOINT WARNING * * *
You feel sick.
Your crimson imp hits the adder.
Your crimson imp blinks!
You die...

###.##...# #..#.#.#.....##)..P...
..#.####.###....#.#.....##.......
#.#...............#.....##.......
#.##########.######.#...##.......
#.### #...# #...÷.##......÷ >...#
#...#####.....##..÷...5 ..#.#
#.5...........######### #.#.#
#####.5.#####..#.[###.55...
..#.###.......S.@.#.....##)######
.......<...[.........#..###.^'...
5...###...........#.##.#######...
#.### #####..†......##.#.##......
..# #...#####......##...... ###
#...# ######.##..)... # #...#
#.##...... # ###.##### #.###.....
# #.......# #.# ##)..#


You could see an adder (ally target) and a friendly crimson imp (summoned).

Vanquished Creatures
  A jelly (D:2)
  4 endoplasms
  A giant cockroach (D:1)
  2 hobgoblins
  A quokka (D:1)
  3 bats
  A frilled lizard (D:1)
  2 kobolds
15 creatures vanquished.

Vanquished Creatures (collateral kills)
  A jelly (D:2)
  2 adders (D:2)
  A worm (D:2)
  A dart slug (D:2)
  7 endoplasms (D:2)
  4 goblins (D:1)
  A hobgoblin (D:2)
  9 kobolds
  2 quokkas (D:2)
  3 ball pythons
  2 bats
  3 frilled lizards
  4 rats
40 creatures vanquished.

Vanquished Creatures (others)
  8 fungi (D:2)
  7 toadstools (D:2)
15 creatures vanquished.

Grand Total: 70 creatures vanquished

Notes
Turn   | Place    | Note
-------+----------+-------------------------------------------
     0 | D:1      | BuzzyBeetle the Tengu Summoner began the quest for the Orb.
     0 | D:1      | Reached XP level 1. HP: 10/10 MP: 4/4
   212 | D:1      | Reached skill level 5 in Summonings
   473 | D:1      | Found a faded altar of an unknown god.
   493 | D:1      | Reached XP level 2. HP: 14/15 MP: 3/6
  1073 | D:2      | Found a shimmering altar of Xom.
  1175 | D:2      | Learned a level 2 spell: Call Imp
  1257 | D:2      | Reached XP level 3. HP: 12/19 MP: 4/7
  1634 | D:2      | Learned a level 3 spell: Call Canine Familiar
  1717 | D:2      | Reached skill level 6 in Summonings
  1717 | D:2      | Reached XP level 4. HP: 16/24 MP: 2/9
  1992 | D:2      | HP: 1/24 [poisoned by an adder]
  1993 | D:2      | Succumbed to an adder's poison

Illustrated notes

Levels and vault maps discovered:
D:1:      saegor_arrival_miasma, layout_loops_ring,
          shapermc_ecumenical_altar_starsandcircs, minmay_pentomino_t2
D:2:      cheibrodos_fertilizer, layout_loops_cross, basic_altar

Skill      XL: |  1  2  3  4 |
---------------+-------------+-----
Summonings     | 5 6 |  6.1
Spellcasting   | 3 |  3.0
Fighting       | |  0.1
Dodging        | |  2.5
Stealth        | |  2.0

Action                   |  1- 3 |  4- 6 || total
-------------------------+-------+-------++-------
Melee: Unarmed           |    13 |       ||    13
       Kick              |     8 |     2 ||    10
       Dagger            |    49 |    12 ||    61
       Peck              |     6 |     5 ||    11
 Cast: Summon Small Mamm |    34 |       ||    34
       Call Imp          |    13 |    10 ||    23
  Use: Potion            |     1 |       ||     1
       Scroll            |       |     2 ||     2
 Stab: Sleeping          |     2 |       ||     2
Armor: Robe              |    22 |    10 ||    32
Dodge: Dodged            |    60 |    12 ||    72
